Map: Lerilak Crest

Players

iNcontroL

  • Race: Protoss Protoss
  • League: Master

xKawaiian - Winner!

  • Race: Terran Terran
  • League: Master

VOD

Have the link to the VOD?

Description

TvP Ladder game

Time

  • Played on: Nov. 16, 2015, 5:43 p.m.
  • Length: 14:19
Show
View Real Time Build Order
Export as new Build Order

iNcontroL Protoss 

Build Orders:  

Get SALT Encoding   

  12  0:01  Probe (Chrono Boost)  
  13  0:11  Probe (Chrono Boost)  
  14  0:18  Pylon  
  14  0:22  Probe (Chrono Boost)  
  15  0:37  Probe (Chrono Boost)  
  15  0:38  Gateway  
  16  0:44  Assimilator  
  16  0:47  Probe (Chrono Boost)  
  17  0:58  Probe (Chrono Boost)  
  17  1:02  Pylon  
  18  1:08  Probe (Chrono Boost)  
  19  1:19  Probe (Chrono Boost)  
  19  1:25  Cybernetics Core  
  20  1:29  Probe (Chrono Boost)  
  21  1:48  Nexus  
  21  1:58  Assimilator  
  21  2:03  Mothership Core (Chrono Boost)  
  21  2:07  Warp Gate  
  22  2:13  Pylon  
  22  2:21  Probe (Chrono Boost)  
  23  2:25  Stalker  
  25  2:31  Probe (Chrono Boost)  
  26  2:42  Probe (Chrono Boost), Pylon  
  27  2:52  Probe (Chrono Boost)  
  28  3:02  Robotics Facility  
  28  3:03  Probe (Chrono Boost)  
  28  3:05  Stalker  
  31  3:08  Probe (Chrono Boost)  
  32  3:13  Probe (Chrono Boost)  
  32  3:19  Probe (Chrono Boost)  
  34  3:25  Probe (Chrono Boost)  
  35  3:29  Probe (Chrono Boost)  
  35  3:30  Pylon  
  36  3:36  Probe (Chrono Boost)  
  36  3:40  Twilight Council  
  37  3:42  Probe (Chrono Boost)  
  37  3:47  Probe (Chrono Boost)  
  39  3:49  Observer  
  39  3:52  Probe (Chrono Boost), Assimilator  
  41  3:57  Probe (Chrono Boost)  
  43  4:03  Probe (Chrono Boost), Assimilator  
  43  4:08  Probe (Chrono Boost)  
  43  4:09  Resonating Glaives  
  44  4:13  Probe (Chrono Boost)  
  49  4:17  Immortal (Chrono Boost)  
  49  4:24  Probe x2 (Chrono Boost)  
  51  4:38  Gateway  
  51  4:39  Gateway  
  51  4:41  Gateway  
  51  4:43  Gateway  
  51  4:45  Probe  
  52  4:51  Adept  
  54  5:00  Pylon  
  54  5:02  Pylon  
  58  5:07  Immortal (Chrono Boost)  
  58  5:12  Adept  
  60  5:14  Probe x2  
  61  5:26  Probe x2  
  61  5:27  Forge  
  63  5:32  Adept  
  65  5:39  Adept x3  
  65  5:41  Observer (Chrono Boost)  
  65  5:42  Adept  
  74  5:52  Blink  
  74  5:54  Pylon  
  75  5:57  Probe x2  
  75  5:59  Pylon  
  75  6:01  Warp Prism (Chrono Boost)  
  78  6:13  Sentry x2  
  79  6:30  Adept  
  79  6:31  Adept x2  
  79  6:32  Observer (Chrono Boost)  
  86  6:37  Adept  
  86  6:38  Adept  
  90  6:43  Probe  
  90  6:44  Protoss Ground Armor Level 1 (Chrono Boost)  
  91  6:53  Photon Cannon  
  91  7:02  Pylon  
  91  7:03  Pylon  
  91  7:05  Pylon  
  91  7:07  Pylon  
  79  7:18  Gateway  
  79  7:19  Gateway  
  79  7:20  Probe  
  79  7:21  Probe, Observer  
  79  7:22  Stalker x3, Pylon  
  86  7:23  Stalker  
  88  7:30  Pylon  
  88  7:32  Pylon  
  88  7:37  Adept  
  90  7:49  Adept x4  
  98  7:54  Observer  
  89  8:13  Adept x3  
  89  8:14  Adept x2  
  89  8:18  Templar Archives  
  99  8:32  Protoss Ground Armor Level 2 (Chrono Boost)  
  99  8:36  Nexus  
  99  8:38  Pylon  
  99  8:39  Probe x2, Pylon  
  101  8:54  High Templar x2  
  101  8:55  High Templar x5  
  113  8:58  Archon  
  113  8:59  Archon x2  
  115  9:03  Warp Prism  
  117  9:15  Probe x2  
  112  9:27  Probe x2  
  112  9:30  Adept x6  
  112  9:31  Adept  
  124  9:39  Probe x2  
  126  9:51  Probe  
  125  9:59  Stalker x5  
  135  10:00  Stalker  
  136  10:16  High Templar  
  136  10:20  Archon  
  138  10:28  Probe x2, Protoss Ground Weapons Level 1 (Chrono Boost)  
  140  10:31  Nexus  
  140  10:42  Zealot  
  142  10:48  Pylon  
  142  10:49  Pylon  
  142  10:52  Pylon  
  142  10:53  Pylon  
  142  11:07  Zealot x3  
  148  11:12  High Templar x2  
  144  11:23  Zealot x2  
  148  11:31  Zealot x3  
  149  11:44  Psionic Storm  
  141  11:52  Probe x2  
  137  11:55  Assimilator  
  137  11:57  High Templar x2  
  137  11:58  Probe  
  137  12:00  Assimilator  
  142  12:17  High Templar  
  144  12:23  Probe  
  144  12:27  Probe  
  144  12:29  Probe  
  146  12:36  Probe  
  148  12:41  Warp Prism  
  150  12:49  High Templar x2  
  152  12:51  Adept x3  
  152  12:54  Probe  
  152  12:55  Probe x2  
  161  13:17  Adept x2  
  165  13:40  Adept x4  
  165  13:41  Adept  
  169  13:48  Archon  
  169  13:52  Stalker x2  
  158  14:06  Adept x2  
Show
View Real Time Build Order
Export as new Build Order

xKawaiian Terran - Winner!

Build Orders: Reaper Expand, MMM Bio 

Get SALT Encoding   

  12  0:00  SCV  
  13  0:13  SCV  
  14  0:17  Supply Depot  
  14  0:25  SCV  
  15  0:38  SCV  
  15  0:40  Barracks  
  16  0:46  Refinery  
  16  0:51  SCV  
  17  1:03  SCV  
  18  1:15  SCV  
  19  1:27  Orbital Command  
  19  1:28  Reaper  
  20  1:45  Command Center  
  20  1:54  SCV  
  20  1:59  Supply Depot  
  20  2:00  Barracks Reactor  
  21  2:09  SCV  
  21  2:14  Barracks  
  22  2:18  Barracks  
  23  2:22  SCV  
  23  2:35  SCV  
  24  2:37  Marine x2  
  26  2:47  SCV  
  27  2:54  Engineering Bay  
  27  2:55  Marine x2  
  28  2:58  Orbital Command  
  28  2:59  SCV  
  28  3:03  Barracks Tech Lab  
  28  3:05  Marine  
  30  3:13  SCV, Marine  
  30  3:17  Marine  
  33  3:22  Marine  
  33  3:24  Supply Depot, Missile Turret  
  33  3:27  Marine  
  34  3:30  SCV  
  34  3:31  Marine  
  37  3:35  Factory  
  37  3:40  SCV, Stimpack  
  38  3:44  Refinery  
  38  3:45  Marine  
  38  3:47  Marine  
  40  3:49  SCV  
  40  3:52  SCV  
  40  3:54  Marine  
  43  3:57  Marine  
  43  4:01  SCV  
  45  4:03  Marine  
  45  4:05  Marine  
  47  4:14  Marine  
  47  4:15  Marauder  
  47  4:16  SCV  
  50  4:21  Starport  
  50  4:23  SCV  
  51  4:25  Factory Reactor  
  51  4:27  Barracks Tech Lab, Marine  
  51  4:28  SCV  
  53  4:37  Barracks  
  54  4:39  Barracks  
  54  4:43  SCV  
  54  4:45  Supply Depot  
  54  4:47  Supply Depot  
  54  4:48  Combat Shields  
  54  5:04  Refinery  
  54  5:06  Refinery  
  54  5:07  SCV x2, Medivac  
  54  5:09  Marine  
  61  5:14  Widow Mine  
  61  5:16  Marine  
  61  5:19  SCV x2  
  61  5:21  Marine x2, Medivac  
  66  5:27  Marine x2  
  70  5:31  Supply Depot  
  70  5:34  Supply Depot  
  70  5:37  SCV  
  70  5:40  Marauder, Marine  
  74  5:52  Medivac x2  
  74  5:54  Marauder  
  80  5:57  SCV  
  80  6:00  SCV  
  82  6:05  Terran Infantry Weapons Level 1  
  82  6:09  SCV  
  83  6:15  Barracks Reactor, Barracks Tech Lab  
  74  6:28  Marine x2  
  74  6:29  Marauder x2  
  74  6:32  Factory Reactor  
  80  6:42  Command Center  
  80  6:44  SCV  
  80  6:46  Marine  
  82  6:47  Marine x2  
  82  6:49  SCV  
  82  6:50  Marauder  
  82  6:53  Marauder, Marine  
  90  6:59  Marine  
  88  7:04  Marine  
  88  7:05  Marine  
  88  7:06  Marauder  
  89  7:11  Marauder, Marine  
  89  7:14  Medivac x2, Widow Mine  
  94  7:20  Supply Depot  
  94  7:21  Supply Depot, Concussive Shells  
  94  7:27  Supply Depot  
  94  7:31  Marine x3  
  94  7:32  SCV x2, Widow Mine, Liberator  
  101  7:42  Marauder  
  103  7:44  Armory  
  103  7:50  Engineering Bay  
  106  7:52  SCV x2  
  106  7:56  Marine x2  
  106  7:57  Liberator  
  110  8:00  SCV  
  98  8:08  Marine x2  
  98  8:09  Marauder x2  
  99  8:16  SCV  
  99  8:19  Orbital Command  
  103  8:22  SCV  
  103  8:24  Marine x2  
  106  8:27  Terran Infantry Armor Level 1  
  106  8:30  SCV  
  106  8:32  Marine  
  109  8:34  SCV  
  109  8:37  Terran Infantry Weapons Level 2  
  109  8:42  Marauder, Liberator, Marine  
  109  8:43  Widow Mine  
  109  8:45  Widow Mine, Liberator  
  116  8:52  Marauder, Marine  
  119  9:00  Supply Depot  
  119  9:02  Supply Depot  
  125  9:08  Marine x2  
  125  9:09  Marauder, Marine  
  130  9:14  Marine x2  
  130  9:15  Marauder  
  130  9:16  Widow Mine  
  136  9:17  Widow Mine  
  138  9:26  Marine  
  138  9:28  Marine  
  138  9:29  Marine  
  138  9:30  Marauder  
  140  9:33  Liberator, Marauder  
  140  9:36  Marauder  
  140  9:37  Marine  
  141  9:44  Widow Mine, Marine  
  128  9:46  Marine x2  
  128  9:52  Marauder  
  135  9:54  Marauder  
  135  9:55  Marine  
  135  9:57  Marauder  
  133  10:02  Marine  
  133  10:04  Marine x2  
  136  10:09  Widow Mine  
  136  10:13  Marauder, Marine, Widow Mine  
  142  10:15  Marauder  
  142  10:16  Medivac  
  142  10:18  SCV  
  142  10:19  Marine, Marauder  
  150  10:22  Marine  
  150  10:27  Marine  
  152  10:29  SCV  
  152  10:31  Marine  
  152  10:33  Medivac  
  156  10:42  Supply Depot  
  156  10:43  Supply Depot  
  156  10:44  Supply Depot  
  156  10:46  Supply Depot  
  156  10:54  Marine  
  157  10:59  Marine  
  157  11:00  Marine, Marauder  
  157  11:01  Marauder  
  157  11:02  Marauder  
  153  11:05  Command Center  
  153  11:06  Marine, Medivac x2  
  157  11:12  Widow Mine, Marine  
  160  11:21  Marauder  
  160  11:22  Marauder  
  160  11:23  Marauder  
  160  11:25  Marine  
  167  11:29  Marine x2  
  155  11:35  Marine  
  155  11:36  Medivac x2  
  155  11:37  Terran Infantry Weapons Level 3  
  153  11:42  Marine  
  153  11:43  Marauder  
  153  11:44  Marine, Marauder  
  158  11:47  Marine  
  158  11:48  Liberator  
  158  11:49  Liberator  
  158  11:52  Marine  
  160  11:55  Marine  
  160  11:58  Missile Turret  
  160  12:00  Marine  
  162  12:06  Supply Depot, Refinery, Starport, Barracks  
  162  12:08  Barracks  
  168  12:12  Marauder, Marine  
  168  12:13  Marine  
  168  12:14  Marauder  
  168  12:15  Marine  
  173  12:16  Marine  
  173  12:21  Marine  
  175  12:30  Marine  
  175  12:31  Planetary Fortress, Liberator, Marine  
  175  12:32  SCV  
  175  12:33  Liberator x2, Marine  
  175  12:34  Marauder  
  175  12:35  Refinery  
  181  12:38  Marauder, Marine  
  181  12:39  Marine  
  181  12:42  Widow Mine x2  
  198  13:03  Marine x2  
  198  13:04  Barracks Reactor, Barracks Tech Lab  
  187  13:50  Marine x2  
  187  13:51  Marauder x2  
  185  13:57  Marine  
  185  14:17  Starport Reactor  
Tags
 
Add a new tag
Caveats
  • Supply blocks, unpowered buildings, or Contaminate may cause inaccurate times.
  • Supply counts are checked every 10 seconds.